 Dungeon Crawl Stone Soup version 0.31-a0-263-ge8cad7f256 (webtiles) character file.

Game seed: 11104224018863071027

42 ryw the Caller (level 3, 0/28 HPs)
             Began as a Demigod Summoner on July 14, 2023.
             Succumbed to an adder's poison
             ... on level 1 of the Dungeon.
             The game lasted 00:03:09 (1185 turns).

ryw the Caller (Demigod Summoner)                   Turns: 1185, Time: 00:03:10

Health: 0/28       AC:  3    Str:  9    XL:     3   Next: 19%
Magic:  4/8        EV: 12    Int: 21    God:
Gold:   73         SH:  0    Dex: 14    Spells: 3/6 levels left

rFire   . . .        c - +0 short sword (holy)
rCold   . . .        (no shield)
rNeg    . . .        a - +0 robe
rPois   .            n - +0 helmet
rElec   .            (no cloak)
rCorr   .            (no gloves)
SInv    .            (no boots)
Will    .....        (no amulet)
Stlth   ++           (no ring)
HPRegen 0.24/turn    (no ring)
MPRegen 0.11/turn

%: no passive effects
@: lethally poisoned (0 -> -2)
A: high MP 1, forlorn, divine attributes
a: no special abilities


You were on level 1 of the Dungeon.
You visited 1 branch of the dungeon, and saw 2 of its levels.

You collected 73 gold pieces.

Inventory:

Hand Weapons
 c - a +0 short sword of holy wrath (weapon)
Armour
 a - a +0 robe (worn)
 n - a +0 helmet (worn)
Jewellery
 o - a ring of ice
Talismans
 d - a blade talisman
Scrolls
 e - a scroll of noise {unknown}
 f - a scroll of immolation {unknown}
 j - 2 scrolls of identify {unknown}
 l - 2 scrolls of enchant weapon {unknown}
Potions
 b - a potion of magic
 g - a potion of enlightenment {unknown}
 h - a potion of attraction {unknown}
 i - a potion of heal wounds {unknown}
 k - 2 potions of curing
 m - 2 potions of mutation {unknown}


   Skills:
 - Level 1.0 Fighting
 - Level 2.0 Dodging
 - Level 1.7 Stealth
 + Level 2.2 Spellcasting
 * Level 4.2 Summonings


You had 3 spell levels left.
You knew the following spells:

 Your Spells              Type           Power      Damage    Failure   Level
a - Summon Small Mammal   Summ           80%        N/A       2%          1
b - Call Imp              Summ           40%        N/A       3%          2

Your spell library contained the following spells:

 Spells                   Type           Power      Damage    Failure   Level
 Call Canine Familiar     Summ           20%        N/A       8%          3
 Slow                     Hex            8%         N/A       14%         1
 Summon Guardian Golem    Hex/Summ       11%        N/A       19%         3
 Blink                    Tloc           4%         N/A       22%         2
 Confusing Touch          Hex            2%         N/A       41%         3
 Vampiric Draining        Necr           2%         2d6       41%         3
 Summon Lightning Spire   Summ/Air       11%        N/A       52%         4
 Manifold Assault         Tloc           2%         N/A       82%         4


Dungeon Overview and Level Annotations

Branches:
Dungeon (2/15)


Innate Abilities, Weirdness & Mutations

You have an increased reservoir of magic. (+10% MP)
You shall have no god before yourself.
Your divine heritage dramatically boosts your attributes as you level up.


Message History

You are frozen.
The rat closely misses your cerulean imp.
The adder attacks as you move away! The adder barely misses you.
You feel sick.
Your cerulean imp hits the adder but does no damage.
The adder bites you. The endoplasm hits you.
* * * LOW HITPOINT WARNING * * *
There is a stone staircase leading up here.
You feel sick. The adder barely misses you.
Your cerulean imp barely misses the adder.
The endoplasm barely misses you. The rat bites your cerulean imp.
You climb upwards.
You feel sick.
There is a stone staircase leading down here.
It was a potion of curing.
You feel better. The adder bites you. The endoplasm freezes you.
You are frozen.
The endoplasm attacks as you move away!
The endoplasm hits you but does no damage.
The adder bites you but does no damage.
Casting: Summon Small Mammal (safe; 2% risk of failure)
Confirm with . or Enter, or press ? or * to list all spells.
A tiny devil pulls itself out of the air.
The adder bites you.
* * * LOW HITPOINT WARNING * * *
You are poisoned.
The adder poisons you! The adder closely misses you.
The endoplasm barely misses you.
Casting: Call Imp (safe; 3% risk of failure)
Confirm with . or Enter, or press ? or * to list all spells.
You feel sick. The adder bites you.
* * * LOW HITPOINT WARNING * * *
The endoplasm freezes you.
You are frozen.
* * * LOW HITPOINT WARNING * * *
You swap places.
* * * LOW HITPOINT WARNING * * *
You feel sick.
The adder bites your cerulean imp but does no damage.
Your cerulean imp hits the endoplasm but does no damage.
The endoplasm misses your cerulean imp.
You die...

###...###.#.......
#.....# ######..##
#...#.# #.....#
#..##.# #.##.##
#.r##.#####.##.###
####JS...............
#...5###.#####.......
#....# #...# ##....##
#...@# #...####......
#....# #............#
#....###............#
#........##.........#
###'#######.......#.#
#.......'.........#
#########........##
#........##
#####......


You could see an adder (ally target), an endoplasm (ally target), a friendly
cerulean imp (summoned) and a friendly quokka (summoned).

Vanquished Creatures
  An adder (D:2)
  A dart slug (D:1)
  A bat (D:2)
  An endoplasm (D:1)
  A giant cockroach (D:1)
  A hobgoblin (D:1)
  2 jackals (D:1)
  A ball python (D:1)
  A frilled lizard (D:1)
  5 rats
15 creatures vanquished.

Vanquished Creatures (collateral kills)
  An endoplasm (D:2)
  2 giant cockroaches
  A goblin (D:2)
  2 jackals (D:1)
  2 ball pythons (D:2)
  4 frilled lizards
  2 kobolds (D:1)
  4 rats
18 creatures vanquished.

Grand Total: 33 creatures vanquished

Notes
Turn   | Place    | Note
-------+----------+-------------------------------------------
     0 | D:1      | ryw the Demigod Summoner began the quest for the Orb.
     0 | D:1      | Reached XP level 1. HP: 14/14 MP: 5/5
   257 | D:1      | Reached XP level 2. HP: 22/22 MP: 4/7
   292 | D:1      | Learned a level 2 spell: Call Imp
   689 | D:1      | Reached skill level 4 in Summonings
  1019 | D:2      | Reached skill level 1 in Fighting
  1019 | D:2      | Reached XP level 3. HP: 10/28 MP: 4/8
  1184 | D:1      | HP: 1/28 [poisoned by an adder]
  1185 | D:1      | Succumbed to an adder's poison

Illustrated notes

Levels and vault maps discovered:
D:1:      lightli_arrival_isolated_outpost, layout_basic, minmay_tetromino_t2
D:2:      layout_rooms, chequers_serial_rivers_micro_a

Skill      XL: |  1  2 |
---------------+-------+-----
Dodging        | 2 |  2.0
Spellcasting   | 2 |  2.2
Summonings     | 4 |  4.2
Fighting       | 1 |  1.0
Stealth        | |  1.7

Action                     || total
---------------------------++-------
  Melee: Unarmed           ||    16
         Short sword       ||    56
         Punch             ||     1
   Cast: Summon Small Mamm ||    27
         Call Imp          ||    14
    Use: Potion            ||     1
 Armour: Robe              ||    18
  Dodge: Dodged            ||    62

Table legend: (Time is in decaauts)
 A = Elapsed time spent in this place.
 B = Non-inter-level travel time spent in this place.
 C = Inter-level travel time spent in this place.
 D = Time resting spent in this place.
 E = Time spent auto-exploring this place.
 F = Levels seen in this place.
 G = Mean time per level.
                   A        B        C        D        E       F      G
               +--------+--------+--------+--------+--------+-----+--------+
         Total |   1187 |   1177 |     10 |    134 |    743 |   2 |  593.5 |
       Dungeon |   1187 |   1177 |     10 |    134 |    743 |   2 |  593.5 |
               +--------+--------+--------+--------+--------+-----+--------+

Top non-repeatable levels by time:
     D:1: 848 daAuts
     D:2: 339 daAuts
